 Dungeon Crawl Stone Soup version 0.26-a0-599-gc8f6553d2c (webtiles) character file.

Game seed: 12231929903592827437

(classic levelgen) 161554 CrazyMind the Eclecticist (level 17, -3/130 HPs)
             Began as a Purple Draconian Conjurer on June 14, 2019.
             Was a High Priest of Vehumet.
             Slain by a wolf spider (7 damage)
             ... on level 4 of the Spider Nest on Aug 29, 2020.
             The game lasted 07:54:54 (61627 turns).

CrazyMind the Eclecticist (DrCj)                   Turns: 61627, Time: 07:54:55

Health: -3/130     AC: 22    Str: 12      XL:     17   Next: 20%
Magic:  8/37       EV: 16    Int: 20 (21) God:    Vehumet [*****.]
Gold:   1326       SH: 16    Dex: 12      Spells: 3/49 levels left

rFire    + + +     SeeInvis +   K - +3 Elemental Staff {rElec rF++ rC++ MR++ AC+5}
rCold    + + +     Faith    .   C - +0 kite shield
rNeg     . . .     Spirit   .   (armour unavailable)
rPois    .         Reflect  +   (helmet restricted)
rElec    +         Harm     .   (no cloak)
rCorr    .                      F - +4 pair of gloves "Wucuro Uwaeh" {+Blink}
MR       ++++.                  A - +0 pair of boots
Stlth    ++........             v - amulet of reflection
HPRegen  0.31/turn              y - ring of wizardry
MPRegen  0.25/turn              N - +2 ring of protection

@: lethally poisoned (-3 -> -17), hasted, very quick
A: breathe power, unfitting armour, see invisible, cold resistance 1, fire
resistance 1, cold-blooded, subdued magic 1, AC +9
a: Breathe Dispelling Energy, Renounce Religion, Evoke Blink


You were on level 4 of the Spider Nest.
You worshipped Vehumet.
Vehumet was extremely pleased with you.
You visited 6 branches of the dungeon, and saw 29 of its levels.
You also visited: Bailey and Ice Cave.

You collected 2563 gold pieces.
You spent 1237 gold pieces at shops.

Inventory:

Hand Weapons
 K - the +3 Elemental Staff (weapon) {rElec rF++ rC++ MR++ AC+5}
   (You acquired it on level 2 of the Spider Nest)

   It affects your AC (+5).
   It greatly protects you from fire.
   It greatly protects you from cold.
   It insulates you from electricity.
   It affects your resistance to hostile enchantments.
Missiles
 c - 4 silver boomerangs
 d - 489 stones
 e - 7 silver javelins
 m - 64 poisoned darts (quivered)
 o - 8 atropa-tipped darts
 s - 3 curare-tipped darts
 z - 50 boomerangs
 M - 2 throwing nets
Armour
 A - a +0 pair of boots (worn)
 C - a +0 kite shield (worn)
 F - the +4 pair of gloves "Wucuro Uwaeh" (worn) {+Blink}
   (You found it in an ice cave)

   It lets you blink.
Jewellery
 v - an amulet of reflection (around neck)
 y - a ring of wizardry (left hand)
 D - a +4 ring of evasion
 N - a +2 ring of protection (right hand)
Wands
 b - a wand of paralysis (20)
 f - a wand of digging (6)
 E - a wand of flame (23)
 H - a wand of polymorph (8)
 P - a wand of acid (11)
 U - a wand of iceblast (4)
Scrolls
 a - a scroll of teleportation
 g - a scroll of enchant weapon
 h - a scroll of blinking
 l - 4 scrolls of amnesia
 u - 2 scrolls of fog
 w - 2 scrolls of identify
 B - a scroll of magic mapping
 J - 2 scrolls of silence
 W - 8 scrolls of remove curse
Potions
 i - 4 potions of resistance
 j - 3 potions of lignification
 k - 2 potions of haste
 n - 2 potions of brilliance
 p - a potion of might
Miscellaneous
 G - a tin of tremorstones (2/3)
 L - a box of beasts (inert)


   Skills:
 + Level 6.9 Fighting
   Level 8.0(8.6) Maces & Flails
 * Level 4.6(6.9) Staves
 + Level 3.5 Throwing
 + Level 9.7 Dodging
 - Level 2.0 Stealth
 * Level 11.3 Shields
 + Level 16.9 Spellcasting
 + Level 14.4 Conjurations
 + Level 3.1 Transmutations
 + Level 12.3 Earth Magic
 * Level 5.2 Evocations


You had 3 spell levels left.
You knew the following spells:

 Your Spells              Type           Power        Failure   Level
a - Magic Dart            Conj           ####         0%          1
b - Searing Ray           Conj           ######       0%          2
c - Dazzling Flash        Conj/Hex       #####.       1%          3
d - Iskenderun's Mystic   Conj/Tloc      #####...     1%          4
e - Statue Form           Tmut/Erth      ######...    12%         6
f - Fulminant Prism       Conj/Hex       #####.....   1%          4
g - Sandblast             Erth           ######       0%          1
h - Stone Arrow           Conj/Erth      ######       1%          3
i - Passwall              Tmut/Erth      ######..     1%          2
j - Lee's Rapid Deconstr  Erth           ######....   1%          5
k - Petrify               Tmut/Erth      ######..     1%          4
l - Iskenderun's Battles  Conj           ######..     1%          5
m - Iron Shot             Conj/Erth      ######....   1%          6

Your spell library contained the following spells:

 Spells                   Type           Power        Failure   Level
 Ignition                 Fire           ###.......   99%         8
 Animate Skeleton         Necr           ##....       1%          1
 Apportation              Tloc           ##....       1%          1
 Foxfire                  Conj/Fire      ####         1%          1
 Summon Small Mammal      Summ           ##..         1%          1
 Wereblood                Tmut           ###.....     1%          2
 Call Imp                 Summ           ##......     2%          2
 Call Canine Familiar     Summ           ##......     6%          3
 Confusing Touch          Hex            ##......     6%          3
 Summon Guardian Golem    Hex/Summ       ##......     6%          3
 Irradiate                Conj/Tmut      #####.....   1%          5
 Cause Fear               Hex            ##........   21%         4
 Summon Ice Beast         Ice/Summ       ###.....     21%         4
 Summon Lightning Spire   Summ/Air       ###.....     21%         4
 Hydra Form               Tmut           ###.......   61%         6
 Dragon Form              Tmut           ###.......   99%         7
 Dragon's Call            Summ           ##........   100%        9


Dungeon Overview and Level Annotations

Branches:
Dungeon (15/15)            Temple (1/1) D:6            Lair (6/6) D:8
 Shoals (1/4) Lair:4       Spider (4/4) Lair:4        Slime (0/5) Lair:5
    Orc (2/2) D:10            Elf (0/3) Orc:2        Vaults (0/5) D:13
  IceCv (visited)
 Depths: D:15

Altars:
Ashenzari
Cheibriados
Dithmenos
Elyvilon
Fedhas
Gozag
Hepliaklqana
Kikubaaqudgha
Makhleb
Nemelex Xobeh
Okawaru
Qazlal
Ru
Sif Muna
Trog
Uskayaw
Vehumet
Wu Jian
Xom
Yredelemnul
Zin
The Shining One
Beogh

Shops:
D:5 *   Orc:2 ??:((

Portals:
Pandemonium: Orc:2

Annotations:
D:14 exclusions: downstairs and wizard
D:15 exclusion: upstairs, Rupert
Spider:4 1 exclusion


Innate Abilities, Weirdness & Mutations

You can breathe bolts of dispelling energy.
Your rich purple scales are hard. (AC +9)
You cannot fit into any form of body armour.
You are cold-blooded and may be slowed by cold attacks.
You have supernaturally acute eyesight. (SInv)
Your flesh is cold resistant. (rC+)
Your flesh is heat resistant. (rF+)
Your spells are a little easier to cast, but a little less powerful.


Message History

The burst of rock shards engulfs the orb spider!
You kill the orb spider!
Vehumet accepts your kill.
You feel your power returning.
The burst of rock shards engulfs the wolf spider!!
You kill the wolf spider!
Vehumet accepts your kill.
The burst of rock shards engulfs the tarantella!!
You kill the tarantella!
Vehumet accepts your kill.
You feel your power returning.
The burst of rock shards engulfs the wolf spider!!
The burst of rock shards engulfs the orb spider!
The burst of rock shards engulfs the wolf spider!
* * * LOW HITPOINT WARNING * * *
You feel sick.
You hear an angry hiss.
The wolf spider closely misses you. x2; The wolf spider misses you.
You block the wolf spider's attack. The wolf spider hits you!
You die...

#^..^..#......#
/..#......#......#
..#^..^(.#.....≈#
####
.≈^.......^....##
#..###
(.....^.(.....#
##..^^###
#....^^#≈.s†^##
#.......#
#.....^#!....#
#.......#
#...^..#≈^ss.#
#......##
#.....^#.s@s.#
##.......##
^...^.#^...^##...≈##
#.....#.#.#
≈^....#^....#^^..^#
#^........#
......#≈...^#...((#
#..^......#
#....(#^....#....(#
#.........##
#^...≈#^...^#....##
##.....###.^#
#^.(..#....^#^..^#
#.........#.#
#≈....#.....#†...#
#....^......#
#^...(..^^^.≈...^#
##...###.#...#


You could see 4 wolf spiders and an orb spider.

Vanquished Creatures
  Arachne (Spider:2)
  An Ice Fiend (IceCv)
  An azure jelly (Shoals:1)
  Kirke (D:12)
  Donald (Spider:2)
  3 ghost moths
  An emperor scorpion (Spider:1)
  4 entropy weavers
  2 spark wasps
  A dire elephant (Lair:5)
  4 hydras
  A merfolk avatar (Lair:6)
  Erica (Orc:1)
  5 two-headed ogres
  2 dancing weapons
  7 death yaks
  A death knight (D:11)
  2 centaur warriors
  A queen ant (Spider:1)
  Urug (D:12)
  5 orc high priests (Orc:2)
  Nergalle (D:12)
  3 sixfirhies (Orc:2)
  A skeletal warrior (D:11)
  A gelid demonspawn (Orc:2)
  2 unseen horrors
  A torturous demonspawn (Orc:2)
  Pikel (D:6)
  2 sea snakes
  7 orc knights
  6 orc sorcerers (Orc:2)
  A harpy (Lair:6)
  4 lindwurms (Lair:2)
  19 wolf spiders
  10 orb spiders
  2 oklob plants (Lair:4)
  4 manticores
  A deep elf mage (D:15)
  14 elephants
  11 ugly things
  An ice statue (IceCv)
  Joseph (D:8)
  3 centaur zombies
  2 cyclopes (D:11)
  3 black mambas
  A smoke demon (Orc:2)
  An orange demon (Orc:2)
  Psyche (D:12)
  2 gargoyles
  11 cane toads
  2 torpor snails
  3 komodo dragons
  6 rime drakes
  3 yaktaurs (D:14)
  14 demonic crawlers
  A golden dragon simulacrum (IceCv)
  3 merfolk
  8 anaconda simulacra (IceCv)
  28 jumping spiders
  9 freezing wraiths
  A red devil (Orc:2)
  6 ice devils
  3 meliai (D:13)
  3 wind drakes
  13 hornets
  10 slime creatures
  10 trolls
  9 blink frogs
  5 polar bears
  6 hippogriffs
  74 redbacks
  29 yaks
  5 hogs (D:11)
  5 basilisks
  A shadow (D:13)
  A yak (shapeshifter) (D:14)
  6 wyverns
  2 wraiths
  32 tarantellas
  2 vampires
  A removed hungry ghost (D:8)
  3 dire elephant simulacra (IceCv)
  A human (D:12)
  A chaos spawn (Orc:2)
  A steam dragon (Lair:3)
  A warg (Orc:1)
  27 soldier ants
  2 iron troll simulacra (IceCv)
  3 harpy simulacra (IceCv)
  An acid dragon (D:11)
  16 water moccasins
  A hydra simulacrum (IceCv)
  3 porcupines
  40 orc warriors
  4 ice beasts
  An ettin simulacrum (IceCv)
  An alligator simulacrum (IceCv)
  A black bear (D:7)
  4 phantoms
  An eye of draining (D:12)
  2 necrophages (D:9)
  4 removed slaves (D:5)
  5 centaurs
  15 ogres
  7 wolves
  15 crocodiles
  2 big kobolds
  16 bullfrogs
  A gnoll sergeant (D:10)
  12 scorpions
  4 killer bees
  16 wights
  7 howler monkeys
  An electric eel (Lair:5)
  6 bullfrog zombies
  3 crimson imps
  3 draconian simulacra (IceCv)
  4 jellies
  21 orc wizards
  A quasit (D:6)
  4 bullfrog skeletons
  21 orc priests
  6 hounds
  6 centaur skeletons
  4 iguanas
  3 troll simulacra (IceCv)
  27 worker ants
  A wolf simulacrum (IceCv)
  A killer bee zombie (D:9)
  A polar bear simulacrum (IceCv)
  A centaur simulacrum (IceCv)
  3 hound zombies
  2 hound skeletons (D:5)
  A howler monkey zombie (D:8)
  4 worker ant zombies
  6 gnolls
  3 naga simulacra (IceCv)
  6 ogre simulacra (IceCv)
  12 adders
  A shadow imp (D:10)
  8 white imps (IceCv)
  2 ufetubi (IceCv)
  An adder skeleton (D:4)
  4 adder zombies
  2 worms
  2 dart slugs
  7 leopard geckos
  85 orcs
  2 ball pythons (D:5)
  7 giant cockroaches
  12 goblins
  8 hobgoblins
  13 jackals
  8 quokkas
  6 bats
  3 frilled lizards
  A jackal skeleton (D:4)
  25 kobolds
  A leopard gecko skeleton (D:7)
  7 rats
  A fungus (Lair:5)
  4 plants
  A withered plant (D:9)
1044 creatures vanquished.

Vanquished Creatures (collateral kills)
  A ghost moth (Spider:4)
1 creature vanquished.

Vanquished Creatures (others)
  A bullfrog (D:7)
  An orc wizard (D:6)
  An orc (Bailey)
  A bush (Lair:4)
  297 fulminant prisms
  10 fungi
  38 plants
349 creatures vanquished.

Grand Total: 1394 creatures vanquished

Notes
Turn   | Place    | Note
-------+----------+-------------------------------------------
     0 | D:1      | CrazyMind the Draconian Conjurer began the quest for the
                  | Orb.
     0 | D:1      | Reached XP level 1. HP: 14/14 MP: 3/3
   220 | D:1      | You fall into a shaft and drop 1 floor!
   320 | D:1      | Reached XP level 2. HP: 19/20 MP: 0/5
   325 | D:1      | Learned a level 2 spell: Searing Ray
  1359 | D:2      | Reached XP level 3. HP: 23/26 MP: 2/6
  1368 | D:2      | Learned a level 3 spell: Dazzling Flash
  1604 | D:2      | Reached skill level 5 in Conjurations
  1798 | D:2      | Found a faded altar of an unknown god.
  2223 | D:1      | Reached XP level 4. HP: 22/33 MP: 1/7
  2621 | D:3      | Upgraded the game from 0.24-a0-433-gbe6fa4f6cc to
                  | 0.24-a0-434-gd57e52fea8
  3501 | D:3      | Reached XP level 5. HP: 38/38 MP: 3/9
  3984 | D:4      | Reached skill level 3 in Spellcasting
  4266 | D:3      | Learned a level 4 spell: Iskenderun's Mystic Blast
  4479 | D:4      | Reached XP level 6. HP: 27/45 MP: 3/11
  4783 | D:4      | Found an iron altar of Okawaru.
  4797 | D:4      | You fall into a shaft and drop 3 floors!
  4905 | D:5      | Entered Level 5 of the Dungeon
  4987 | D:5      | Reached skill level 4 in Spellcasting
  5107 | D:5      | Found a glowing silver altar of Zin.
  5124 | D:5      | Found Ceatowk's Assorted Antiques.
  5646 | D:5      | Bought 2 scrolls labeled VEGAAS GEAS for 50 gold pieces
  5969 | D:4      | Your scales start taking on a rich purple colour.
  5969 | D:4      | Reached skill level 5 in Spellcasting
  5969 | D:4      | Reached XP level 7. HP: 51/51 MP: 8/15
  6207 | D:5      | Reached skill level 6 in Spellcasting
  6422 | D:5      | Reached skill level 1 in Fighting
  6525 | D:4      | Learned a level 4 spell: Fulminant Prism
  6530 | D:4      | Learned a level 4 spell: Force Lance
  6592 | D:5      | Found an opulent altar of Gozag.
  6890 | D:6      | Reached XP level 8. HP: 59/59 MP: 9/18
  6985 | D:6      | Reached skill level 7 in Spellcasting
  7467 | D:6      | Noticed Pikel
  7718 | D:6      | Killed Pikel
  7718 | D:6      | Reached skill level 8 in Spellcasting
  8018 | D:6      | Found a staircase to the Ecumenical Temple.
  8024 | Temple   | Entered the Ecumenical Temple
  8275 | Temple   | Became a worshipper of Vehumet
  8619 | D:6      | Reached XP level 9. HP: 67/67 MP: 17/21
  9452 | D:7      | Reached skill level 9 in Spellcasting
  9807 | D:8      | Noticed a cyan ugly thing
  9815 | D:8      | Killed a cyan ugly thing
  9815 | D:8      | Reached skill level 5 in Dodging
  9935 | D:8      | Reached * piety under Vehumet
  9935 | D:8      | Offered knowledge of Sandblast by Vehumet.
  9942 | D:7      | Learned a level 1 spell: Sandblast
 10093 | D:8      | Reached skill level 1 in Earth Magic
 10252 | D:8      | Got a brightly glowing dagger
 10253 | D:8      | Identified the +9 dagger of Gozag's Favour {protect, *Drain
                  | +Rage +Inv rC+ MR+} (You found it on level 8 of the
                  | Dungeon)
 10304 | D:8      | Found a staircase to the Lair.
 10315 | D:8      | Noticed Joseph
 10334 | D:8      | Killed Joseph
 10334 | D:8      | Reached skill level 10 in Spellcasting
 10814 | D:9      | Reached XP level 10. HP: 74/74 MP: 19/24
 11262 | D:9      | Learned a level 3 spell: Stone Arrow
 11796 | Lair:1   | Entered Level 1 of the Lair of Beasts
 12111 | D:8      | Reached skill level 1 in Shields
 12228 | Lair:1   | Reached skill level 5 in Earth Magic
 12240 | D:8      | Upgraded the game from 0.24-a0-434-gd57e52fea8 to
                  | 0.24-a0-439-g6dd8730de2
 12699 | Lair:1   | Noticed a black mamba
 12706 | Lair:1   | Killed a black mamba
 12706 | Lair:1   | Reached skill level 11 in Spellcasting
 13301 | Lair:2   | Reached skill level 10 in Conjurations
 13504 | Lair:2   | Noticed a lindwurm
 13505 | Lair:2   | Noticed a lindwurm
 13508 | Lair:2   | Noticed a lindwurm
 13543 | Lair:2   | Noticed a lindwurm
 13619 | Lair:2   | Noticed a black mamba
 13623 | Lair:2   | Killed a black mamba
 14577 | Lair:3   | Noticed a spiny frog
 14582 | Lair:3   | Killed a spiny frog
 14775 | Lair:3   | Noticed a black mamba
 14819 | Lair:3   | Noticed a seven-headed hydra
 14821 | Lair:3   | Noticed a spiny frog
 14872 | Lair:1   | Upgraded the game from 0.24-a0-439-g6dd8730de2 to
                  | 0.24-a0-443-g80245de385
 14931 | Lair:2   | Killed a seven-headed hydra
 14931 | Lair:2   | Reached XP level 11. HP: 81/81 MP: 10/26
 15620 | Lair:3   | Offered knowledge of Shock by Vehumet.
 15727 | Lair:3   | Noticed a four-headed hydra
 15733 | Lair:3   | Killed a four-headed hydra
 15733 | Lair:3   | Reached ** piety under Vehumet
 16281 | Lair:3   | Upgraded the game from 0.24-a0-443-g80245de385 to
                  | 0.24-a0-496-gbe733cd003
 16398 | Lair:3   | Reached skill level 12 in Spellcasting
 17931 | Lair:4   | Noticed a death yak
 19447 | Lair:3   | Killed a death yak
 19447 | Lair:3   | Offered knowledge of Inner Flame by Vehumet.
 19447 | Lair:3   | Reached XP level 12. HP: 68/89 MP: 2/28
 19623 | Lair:4   | Noticed a death yak
 19623 | Lair:4   | Noticed a death yak
 19772 | Lair:4   | Killed a death yak
 19779 | Lair:4   | Noticed a death yak
 20192 | Lair:4   | Found a staircase to the Shoals.
 20212 | Lair:4   | Noticed a death yak
 20345 | Lair:4   | Reached skill level 13 in Spellcasting
 20787 | Lair:4   | Killed a death yak
 20789 | Lair:4   | Noticed a death yak
 21062 | Lair:4   | Found a hole to the Spider Nest.
 21120 | Lair:4   | Noticed a death yak
 21130 | Lair:4   | Reached *** piety under Vehumet
 21323 | Lair:4   | Killed a death yak
 21422 | Lair:4   | Killed a death yak
 21510 | Lair:4   | Killed a death yak
 21516 | Lair:4   | Killed a death yak
 21695 | Lair:4   | Reached skill level 10 in Earth Magic
 22241 | Lair:5   | Reached skill level 14 in Spellcasting
 22319 | Lair:5   | Offered knowledge of Conjure Flame by Vehumet.
 22500 | Lair:5   | Noticed a dire elephant
 22719 | Lair:5   | Found a staircase to the Slime Pits.
 22745 | Lair:5   | Learned a level 2 spell: Passwall
 22751 | Lair:5   | Learned a level 5 spell: Lee's Rapid Deconstruction
 22756 | Lair:5   | Learned a level 4 spell: Petrify
 22893 | Lair:5   | Killed a dire elephant
 22893 | Lair:5   | Reached XP level 13. HP: 63/96 MP: 11/31
 23226 | Lair:5   | Upgraded the game from 0.24-a0-496-gbe733cd003 to
                  | 0.24-a0-498-ge00f04a389
 23760 | Lair:5   | Got a translucent morningstar
 23761 | Lair:5   | Identified the +4 morningstar of Plog {drain, rC+ Str+3
                  | Dex+4} (You found it on level 5 of the Lair of Beasts)
 23889 | Lair:6   | Entered Level 6 of the Lair of Beasts
 24470 | Lair:5   | Reached **** piety under Vehumet
 25088 | Lair:6   | Reached skill level 1 in Maces & Flails
 25377 | Lair:5   | Upgraded the game from 0.24-a0-498-ge00f04a389 to
                  | 0.24-a0-515-gbe7f5e2e8d
 25493 | Lair:5   | Offered knowledge of Olgreb's Toxic Radiance by Vehumet.
 26928 | Lair:5   | Reached skill level 15 in Spellcasting
 28359 | D:10     | Entered Level 10 of the Dungeon
 28399 | D:10     | Found a flagged portal.
 28408 | Bailey   | Entered a bailey
 29005 | Bailey   | Found a roughly hewn altar of Beogh.
 29154 | D:10     | Upgraded the game from 0.24-a0-515-gbe7f5e2e8d to
                  | 0.25-a0-317-g5f8687bca5
 29154 | D:10     | Upgraded the game from 0.25-a0-317-g5f8687bca5 to
                  | 0.25-a0-378-gd2ca0b7745
 29154 | D:10     | Upgraded the game from 0.25-a0-378-gd2ca0b7745 to
                  | 0.25-a0-420-g1cc7eeb0d1
 29163 | D:10     | Upgraded the game from 0.25-a0-420-g1cc7eeb0d1 to
                  | 0.25-a0-670-g50981ef59b
 29163 | D:10     | Upgraded the game from 0.25-a0-670-g50981ef59b to
                  | 0.25-a0-886-gd7461d2276
 29163 | D:10     | Upgraded the game from 0.25-a0-886-gd7461d2276 to
                  | 0.26-a0-394-g0b5ff556b1
 29192 | D:10     | Reached ***** piety under Vehumet
 29251 | D:10     | Offered knowledge of Orb of Destruction by Vehumet.
 29403 | D:9      | Learned a level 7 spell: Orb of Destruction
 29967 | D:10     | Found a roughly hewn altar of Beogh.
 29967 | D:10     | Found a staircase to the Orcish Mines.
 31173 | D:11     | Reached XP level 14. HP: 100/105 MP: 31/33
 31421 | D:11     | Upgraded the game from 0.26-a0-394-g0b5ff556b1 to
                  | 0.26-a0-466-g989023bd0d
 32069 | D:11     | Offered knowledge of Iron Shot by Vehumet.
 32069 | D:11     | Reached skill level 5 in Shields
 32077 | D:11     | Learned a level 6 spell: Iron Shot
 32432 | D:5      | Bought a paperback book for 375 gold pieces
 32579 | D:11     | Got a dazzling quarterstaff
 32580 | D:11     | Identified the +3 quarterstaff of Integrity {antimagic,
                  | +Fly rPois Int+2 Stlth+} (You found it on level 11 of the
                  | Dungeon)
 32983 | Lair:2   | Got an ancient flail
 33007 | Lair:2   | Identified the cursed +3 flail "Trog's Righteous Anger"
                  | {venom, rC++ Str+2} (You found it on level 2 of the Lair of
                  | Beasts)
 33542 | D:12     | Noticed Psyche
 34717 | D:12     | Noticed Kirke
 34891 | D:12     | You fall into a shaft and drop 2 floors!
 35134 | D:12     | Noticed Nergalle
 35141 | D:12     | Killed Nergalle
 35175 | D:11     | Paralysed by a hornet for 3 turns
 35350 | D:12     | Killed Kirke
 35350 | D:12     | Reached skill level 5 in Maces & Flails
 35575 | D:12     | Noticed Urug
 35618 | D:12     | Killed Urug
 35618 | D:12     | Reached skill level 5 in Fighting
 36069 | D:12     | Killed Psyche
 36145 | D:12     | Upgraded the game from 0.26-a0-466-g989023bd0d to
                  | 0.26-a0-474-gfaca0e1de5
 36433 | D:13     | Offered knowledge of Freezing Cloud by Vehumet.
 36568 | D:13     | Found a gate to the Vaults.
 38665 | D:15     | Entered Level 15 of the Dungeon
 38843 | D:15     | Noticed Rupert
 39141 | D:15     | Reached XP level 15. HP: 113/113 MP: 34/34
 39772 | D:14     | Upgraded the game from 0.26-a0-474-gfaca0e1de5 to
                  | 0.26-a0-490-gf8362a0c98
 40121 | Orc:1    | Entered Level 1 of the Orcish Mines
 40317 | Orc:2    | Entered Level 2 of the Orcish Mines
 40522 | Orc:2    | Found a roughly hewn altar of Beogh.
 40631 | Orc:2    | Found Ytwobrack's Antique Weapon Emporium.
 40841 | Orc:2    | Found a staircase to the Elven Halls.
 41220 | Orc:2    | Reached skill level 16 in Spellcasting
 41328 | Orc:2    | Offered knowledge of Conjure Ball Lightning by Vehumet.
 41424 | Orc:2    | Found Sedghepos's Magic Scroll Shop.
 41643 | Orc:2    | Found Vosivise's Magic Scroll Boutique.
 41902 | Orc:1    | Found a roughly hewn altar of Beogh.
 44387 | Orc:2    | Found Lucugig's Antique Weapon Shoppe.
 44387 | Orc:2    | Found a one-way gate leading to the halls of Pandemonium.
 44387 | Orc:2    | Found Egybri's Book Emporium.
 44398 | Orc:2    | Upgraded the game from 0.26-a0-490-gf8362a0c98 to
                  | 0.26-a0-497-g0187308201
 44461 | Orc:1    | Noticed Erica
 44718 | Orc:1    | Killed Erica
 45309 | Spider:1 | Entered Level 1 of the Spider Nest
 45319 | Lair:4   | Learned a level 6 spell: Statue Form
 45413 | Lair:4   | Reached skill level 1 in Transmutations
 45652 | Spider:1 | Gained mutation: You tend to lose your temper in combat.
                  | [mutagenic glow]
 45929 | Spider:1 | Offered knowledge of Ozocubu's Refrigeration by Vehumet.
 46300 | Spider:1 | Upgraded the game from 0.26-a0-497-g0187308201 to
                  | 0.26-a0-579-g3afe4966bf
 46300 | Spider:1 | Lost mutation: You tend to lose your temper in combat.
                  | [potion of mutation]
 46300 | Spider:1 | Gained mutation: You have supernaturally acute eyesight.
                  | (SInv) [potion of mutation]
 46300 | Spider:1 | Gained mutation: Your spells are a little easier to cast,
                  | but a little less powerful. [potion of mutation]
 46300 | Spider:1 | Gained mutation: Your flesh is cold resistant. (rC+)
                  | [potion of mutation]
 46300 | Spider:1 | Gained mutation: Your flesh is heat resistant. (rF+)
                  | [potion of mutation]
 47210 | Spider:1 | Upgraded the game from 0.26-a0-579-g3afe4966bf to
                  | 0.26-a0-598-g61e6210cf4
 48623 | Spider:2 | Noticed Donald
 49329 | Spider:1 | Reached XP level 16. HP: 97/122 MP: 5/36
 49529 | Spider:1 | Reached skill level 1 in Throwing
 49733 | Spider:2 | Killed Donald
 49733 | Spider:2 | Reached skill level 1 in Evocations
 50328 | Spider:2 | Identified a scroll of acquirement
 50329 | Spider:2 | Acquired the +3 Elemental Staff {rElec rF++ rC++ MR++ AC+5}
 50330 | Spider:2 | Found the +3 Elemental Staff {rElec rF++ rC++ MR++ AC+5}
 50627 | Spider:2 | Offered knowledge of Iskenderun's Battlesphere by Vehumet.
 50634 | Spider:2 | Learned a level 5 spell: Iskenderun's Battlesphere
 50768 | Spider:3 | Noticed Arachne
 51512 | Shoals:1 | Entered Level 1 of the Shoals
 51538 | Shoals:1 | Found a frozen archway.
 51615 | IceCv    | Entered an ice cave
 53017 | IceCv    | Reached skill level 1 in Staves
 53386 | IceCv    | Noticed an Ice Fiend
 53703 | IceCv    | Killed an Ice Fiend
 53776 | IceCv    | Got a pair of twisted gloves
 53777 | IceCv    | Identified the +4 pair of gloves "Wucuro Uwaeh" {+Blink}
                  | (You found it in an ice cave)
 53814 | IceCv    | Offered knowledge of Ignition by Vehumet.
 54120 | Shoals:1 | Upgraded the game from 0.26-a0-598-g61e6210cf4 to
                  | 0.26-a0-599-gc8f6553d2c
 54864 | Spider:2 | Reached skill level 10 in Shields
 55609 | Spider:2 | Killed Arachne
 56861 | Spider:4 | Entered Level 4 of the Spider Nest
 58342 | D:5      | Bought a scroll of blinking for 187 gold pieces
 58342 | D:5      | Bought a potion of heal wounds for 125 gold pieces
 58342 | D:5      | Bought a box of beasts (3/3) for 500 gold pieces
 60381 | Spider:4 | Reached XP level 17. HP: 114/130 MP: 37/37
 61093 | Spider:4 | Reached skill level 5 in Evocations
 61624 | Spider:4 | HP: 6/130 [wolf spider (25)]
 61627 | Spider:4 | Slain by a wolf spider

Illustrated notes

Levels and vault maps discovered:
D:1:      dpeg_arrival_water_fire, layout_basic, st_stairs_13, minivault_27,
          nrook_loot_triangle, minivault_25
D:2:      layout_loops_cross, chequers_ecumenical_altar_simple_redux
D:3:      layout_loops_cross, first_ration, minivault_24
D:4:      layout_gridville, okawaru_metal_pillars_3
D:5:      layout_cave_pools, lemuel_coloured_pillars_altar, basic_altar,
          serial_shops, shop
D:6:      layout_basic, minmay_temple_entry_fiery, uniq_pikel
D:7:      layout_basic, lemuel_flame_loot_1
D:8:      layout_rooms, dpeg_oklobed_lair, grunt_ogre_cave, uniq_joseph
D:9:      layout_gridville, serial_undead, serial_undead_e, serial_undead_f,
          serial_undead_a, serial_undead_a, serial_undead_f, minmay_checkerbox
D:10:     layout_stronghold, david_orc_5, enter_bailey_8
D:11:     layout_roguey, hangedman_fish_farm
D:12:     layout_cave_pools, nrook_mini_vaults, uniq_kirke, uniq_psyche,
          uniq_urug, uniq_nergalle
D:13:     layout_rooms, erik_vaults_1, hangedman_decor_diamond_cutter
D:14:     layout_basic, chequers_serial_rivers_room_b
D:15:     grunt_enter_depths_magical_seal, layout_loops_cross,
          minmay_misc_feat_room, uniq_rupert
Temple:   nicolae_temple_the_god_donut
Lair:1:   layout_chaotic_city, lemuel_fruit_tree
Lair:2:   layout_roguey, minmay_lindwurm_lava, infiniplex_staircase_pool_2,
          grunt_megastairs_2
Lair:3:   layout_hall_layers
Lair:4:   layout_regular_city, shoals_dummy_entry,
          nicolae_spider_entry_non_spiders, beast_lair_carwin_4,
          minmay_lair_oklob_chamber
Lair:5:   beast_lair_carwin_large_3, layout_long_grid, slime_dummy,
          serial_bayou_lagoon_a, infiniplex_staircase_pool
Lair:6:   gammafunk_lair_ancient_temple, layout_misc_corridors,
          serial_bayou_shore_b, grunt_megastairs_3
Shoals:1: layout_shoals, portal_ice_cave_entry_frozen_things, st_shoals_ruin
Spider:1: layout_spider_delve, minivault_29
Spider:2: layout_spider_delve, hangedman_spider_tarantella_strand, uniq_donald
Spider:3: layout_spider_delve, drop_trap, nicolae_spider_cling_ruins,
          uniq_arachne
Spider:4: grunt_spider_rune_parallel, nicolae_spider_shape
Orc:1:    layout_caves, basic_altar, serial_shops, uniq_erica
Orc:2:    pf_orc_diabolical, layout_diamond_mine, serial_shops, shop,
          basic_altar

Skill      XL: |  1  2  3  4  5  6  7  8  9 10 11 12 13 14 15 16 17 |
---------------+----------------------------------------------------+-----
Conjurations   | 5 6 7 8 9 10 11 12 13 14 | 14.4
Dodging        | 2 3 4 5 6 7 8 9 |  9.7
Stealth        | 2 |  2.0
Spellcasting   | 3 5 6 8 10 11 12 14 15 16 | 16.9
Fighting       | 1 2 3 4 5 6 |  6.9
Earth Magic    | 3 7 9 10 11 12 | 12.3
Shields        | 1 4 7 9 11 | 11.3
Maces & Flails | 3 6 7 8 |  8.0
Transmutations | 2 3 |  3.1
Throwing       | 3 |  3.5
Evocations     | 4 5 |  5.2
Staves         | 4 |  4.6

Action                   |  1- 3 |  4- 6 |  7- 9 | 10-12 | 13-15 | 16-18 || total
-------------------------+-------+-------+-------+-------+-------+-------++-------
Melee: Dagger            |    12 |       |       |       |       |       ||    12
       Tailslap          |     1 |     4 |     2 |     3 |   127 |   116 ||   253
       Short sword       |       |    25 |    28 |       |       |       ||    53
       Staff             |       |       |       |     8 |    19 |   848 ||   875
       Whip              |       |       |       |    10 |       |       ||    10
       Morningstar       |       |       |       |       |   798 |    45 ||   843
Throw: Boomerang         |     1 |     1 |       |     2 |     2 |     1 ||     7
       Dart              |       |       |       |     7 |    48 |   176 ||   231
       Javelin           |       |       |       |       |     1 |       ||     1
       Throwing net      |       |       |       |       |     1 |       ||     1
 Cast: Magic Dart        |    62 |    92 |    88 |    21 |    24 |     9 ||   296
       Searing Ray       |     8 |    23 |    36 |    28 |     6 |     1 ||   102
       Iskenderun's Myst |       |     5 |    15 |    24 |    12 |       ||    56
       Fulminant Prism   |       |       |    14 |   122 |   148 |    14 ||   298
       Sandblast         |       |       |    23 |    29 |     6 |    20 ||    78
       Force Lance       |       |       |     1 |    17 |     5 |       ||    23
       Dazzling Flash    |       |       |     1 |     1 |     5 |       ||     7
       Stone Arrow       |       |       |       |   143 |   304 |    47 ||   494
       Lee's Rapid Decon |       |       |       |       |    79 |    17 ||    96
       Orb of Destructio |       |       |       |       |     7 |       ||     7
       Iron Shot         |       |       |       |       |   139 |    89 ||   228
       Statue Form       |       |       |       |       |    15 |    26 ||    41
       Petrify           |       |       |       |       |     6 |       ||     6
       Iskenderun's Batt |       |       |       |       |       |     3 ||     3
 Abil: Breathe Dispellin |       |       |       |     2 |     2 |     2 ||     6
       Evoke Flight      |       |       |       |       |     2 |       ||     2
       End Transformatio |       |       |       |       |     1 |       ||     1
       Evoke Blink       |       |       |       |       |       |     2 ||     2
Evoke: Wand              |       |       |       |     6 |     2 |     1 ||     9
       Tin of tremorston |       |       |       |       |       |     3 ||     3
       Box of beasts     |       |       |       |       |       |     3 ||     3
  Use: Scroll            |     1 |    10 |     1 |    13 |    22 |    13 ||    60
       Potion            |       |       |     1 |       |    10 |    18 ||    29
 Stab: Sleeping          |     6 |     2 |     1 |       |     5 |       ||    14
       Held in net/web   |       |       |       |       |     1 |       ||     1
       Distracted        |       |       |       |       |       |     1 ||     1
  Eat: Removed food      |     5 |    12 |    13 |    29 |    22 |       ||    81
       Removed food      |       |     1 |     1 |     3 |       |       ||     5
Armor: Skin              |    11 |    20 |    40 |    76 |   451 |  1378 ||  1976
Dodge: Dodged            |    19 |    56 |    76 |   170 |   790 |  1606 ||  2717
Block: Other             |       |       |     7 |     8 |       |       ||    15
       Kite shield       |       |       |     2 |       |   366 |   445 ||   813
       Reflection        |       |       |     2 |       |    37 |    15 ||    54
       Buckler           |       |       |       |       |   483 |   951 ||  1434

Table legend: (Time is in decaauts)
 A = Elapsed time spent in this place.
 B = Non-inter-level travel time spent in this place.
 C = Inter-level travel time spent in this place.
 D = Time resting spent in this place.
 E = Time spent auto-exploring this place.
 F = Levels seen in this place.
 G = Mean time per level.
                   A        B        C        D        E       F      G
               +--------+--------+--------+--------+--------+-----+--------+
         Total |  63046 |  57898 |   5148 |  27576 |  15357 |  31 | 2033.7 |
       Dungeon |  23540 |  21384 |   2156 |   8983 |   7164 |  15 | 1569.3 |
        Temple |    274 |    235 |     39 |      0 |    233 |   1 |  274.0 |
          Lair |  18024 |  15683 |   2341 |   7892 |   3735 |   6 | 3004.0 |
        Shoals |    324 |    324 |      0 |    119 |     55 |   1 |  324.0 |
   Spider Nest |  12703 |  12250 |    453 |   6643 |   2454 |   4 | 3175.8 |
  Orcish Mines |   4992 |   4835 |    157 |   2384 |   1009 |   2 | 2496.0 |
        Bailey |    693 |    693 |      0 |    293 |    205 |   1 |  693.0 |
      Ice Cave |   2492 |   2492 |      0 |   1260 |    500 |   1 | 2492.0 |
               +--------+--------+--------+--------+--------+-----+--------+

Top non-repeatable levels by time:
Spider:2: 4018 daAuts
   Orc:2: 3901 daAuts
Spider:1: 3875 daAuts
Spider:3: 3251 daAuts
    D:11: 2857 daAuts
   IceCv: 2492 daAuts
    D:14: 2009 daAuts
    D:10: 1949 daAuts
Spider:4: 1558 daAuts
    D:12: 1360 daAuts
  Lair:4: 1240 daAuts
   Orc:1: 1091 daAuts
    D:15: 779 daAuts
    D:13: 663 daAuts
  Lair:2: 655 daAuts
Note: time per level data comes from an upgraded game and may be incomplete.
